 Dungeon Crawl Stone Soup version 0.28.0-53-g5a82cb258f (webtiles) character file.

Game seed: 5164053047777340965

2163 Duralumin the Slicer (level 9, 0/71 HPs)
             Began as a Palentonga Summoner on June 17, 2022.
             Slain by a vampire mosquito (4 damage)
             ... on level 6 of the Dungeon.
             The game lasted 00:37:33 (6788 turns).

Duralumin the Slicer (Palentonga Summoner)          Turns: 6788, Time: 00:37:34

Health: 0/71       AC: 20    Str: 15    XL:     9   Next: 10%
Magic:  4/4        EV:  7    Int: 20    God:
Gold:   87         SH:  5    Dex: 11    Spells: 12/12 levels left

rFire   x . .      SeeInvis +   p - +7 short sword of Haczaloj {antimagic, Int+4}
rCold   + + .      Faith    .   (no shield)
rNeg    . . .      Spirit   .   v - +0 ice dragon scales
rPois   .          Reflect  +   t - +0 helmet
rElec   .          Harm     .   J - +0 cloak
rCorr   .          Rampage  .   (no gloves)
Will    .....                   (no barding)
Stlth   ..........              r - amulet of reflection
HPRegen 0.21/turn               z - +4 ring of protection
MPRegen 0.09/turn               (no ring)

@: mighty, hasted, curled up, very quick
A: large, rugged brown scales 3, see invisible, deformed body, roll 1, armoured
tail, reflexive curl
a: Rolling Charge


You were on level 6 of the Dungeon.
You visited 2 branches of the dungeon, and saw 7 of its levels.
You also visited: Ossuary.

You collected 159 gold pieces.
You spent 72 gold pieces at shops.

Inventory:

Hand Weapons
 c - a +0 club
 i - a +0 hand axe
 l - a +0 whip
 m - a +0 quarterstaff
 p - the +7 short sword of Haczaloj (weapon) {antimagic, Int+4}
   (You took it off a goblin on level 3 of the Dungeon)

   It reduces the magical energy of the wielder, and disrupts the spells and
   magical abilities of those it strikes.
   Natural abilities and divine invocations are not affected.
   Int:       It affects your intelligence (+4).
 y - a +0 scythe
 H - a +0 double sword
 I - a +4 quarterstaff of chaos
 N - a +1 flail of venom
 P - the +6 war axe "Kuecraer" {freeze, rF+ rCorr Int-3}
   (You found it on level 5 of the Dungeon)

   It freezes those it strikes, dealing additional cold damage.
   It can also slow down cold-blooded creatures.
   Int:       It affects your intelligence (-3).
   rF:        It protects you from fire.
   rCorr:     It protects you from acid and corrosion.
Missiles
 b - 189 stones (quivered)
 e - 54 bolts
 h - 6 javelins
 q - a poisoned dart
Armour
 a - a +0 robe
 o - a +0 leather armour
 s - a +1 scale mail
 t - a +0 helmet (worn)
 v - +0 ice dragon scales (worn)
 x - a +0 chain mail
 J - a +0 cloak (worn)
Jewellery
 k - a ring of ice
 r - an amulet of reflection (around neck)
 z - a +4 ring of protection (left hand)
 E - a ring of ice
 K - an amulet of faith
 O - a ring of ice
Scrolls
 d - 3 scrolls of enchant armour
 f - 2 scrolls of vulnerability
 j - 5 scrolls of magic mapping
 w - 4 scrolls of amnesia
 A - 2 scrolls of fear
 B - a scroll of enchant weapon
 D - a scroll of fog {unknown}
 L - 2 scrolls of immolation
 R - 2 scrolls of acquirement {unknown}
 S - a scroll of holy word {unknown}
Potions
 g - a potion of magic
 n - 2 potions of haste
 F - a potion of might
 G - a potion of heal wounds {unknown}
 M - a potion of cancellation {unknown}


   Skills:
 + Level 4.9 Fighting
 - Level 9.0 Short Blades
 + Level 5.2(5.5) Axes
 - Level 2.6(4.3) Maces & Flails
 - Level 1.5 Dodging
 - Level 1.2 Stealth
 - Level 2.0 Spellcasting
 - Level 3.2 Summonings


You had 12 spell levels left.
You didn't know any spells.
Your spell library contained the following spells:

 Spells                   Type           Power      Damage    Failure   Level
 Summon Small Mammal      Summ           60%        N/A       22%         1
 Call Imp                 Summ           15%        N/A       34%         2
 Call Canine Familiar     Summ           15%        N/A       56%         3
 Magic Dart               Conj           8%         1d3       65%         1
 Searing Ray              Conj           4%         2d4       78%         2
 Static Discharge         Conj/Air       2%         N/A       78%         2
 Summon Guardian Golem    Hex/Summ       8%         N/A       80%         3
 Confusing Touch          Hex            2%         N/A       95%         3
 Tukima's Dance           Hex            2%         N/A       95%         3
 Summon Lightning Spire   Summ/Air       8%         N/A       99%         4
 Dispel Undead            Necr           2%         3d7       100%        4
 Fulminant Prism          Conj/Hex       1%         3d6       100%        4
 Passage of Golubria      Tloc           2%         N/A       100%        4
 Sticky Flame             Conj/Fire      2%         2d3       100%        4
 Lightning Bolt           Conj/Air       1%         1d12      100%        5
 Yara's Violent Unravell  Hex/Tmut       1%         3d3       100%        5
 Enfeeble                 Hex            1%         N/A       100%        7
 Maxwell's Capacitive Co  Air            1%         ∞         100%        8


Dungeon Overview and Level Annotations

Branches:
Dungeon (6/15)             Temple (1/1) D:4         Ossuary (visited)

Altars:
Ashenzari
Cheibriados
Dithmenos
Elyvilon
Fedhas
Gozag
Hepliaklqana
Kikubaaqudgha
Makhleb
Nemelex Xobeh
Qazlal
Ru
Sif Muna
Uskayaw
Vehumet
Wu Jian
Xom
Zin
The Shining One

Shops:
D:1 !   D:6 *


Innate Abilities, Weirdness & Mutations

You are completely covered in rugged brown scales. (AC +3, +7% HP)
You have supernaturally acute eyesight. (SInv)
Armour fits poorly on your strangely shaped body.
You can roll at nearby foes to attack.
You have a long armoured tail.
You curl defensively after being hit. (AC +7*)


Message History

The vampire mosquito bites you!
* * * LOW HITPOINT WARNING * * *
The vampire mosquito draws strength from your injuries!
The vampire mosquito barely misses you. The vampire mosquito bites you.
* * * LOW HITPOINT WARNING * * *
The vampire mosquito draws strength from your injuries!
You puncture the vampire mosquito!
The vampire mosquito is moderately damaged.
The vampire mosquito bites you but does no damage.
Unknown command.
Unknown command.
Unknown command.
Unknown command.
Unknown command.
Unknown command.
Throw: throwing net
Press: ? - help, Q - select action, (/) - cycle Shift-Dir - straight line, f - vampire mosquito
Aim: a vampire mosquito (moderately damaged, 38% to hit)
You throw a throwing net.
The throwing net barely misses the vampire mosquito.
The vampire mosquito bites you but does no damage.
Press: ? - help, v - describe, . - travel
Here: a vampire mosquito (moderately damaged)
The floor.
Unknown command.
Unknown command.
Unknown command.
Press: ? - help, . - travel You can't see that place. [the floor.] Unknown command.
Unknown command.
Unknown command.
As you read the scroll labelled HOD MOYNYTWUWI, it crumbles to dust.
It is a scroll of enchant weapon.
Your +3 quarterstaff of chaos glows red for a moment.
The vampire mosquito bites you but does no damage.
The vampire mosquito bites you.
You die...

*#######*,., ##...##..##.*
#.....#....##
####...........#
##.(#...#..?....#
##.†.....###......
#....†...##.......
#y.......##.......
####@..##............
#.......#....#....###
#......###...##...#..
#......###...(†l..#.> ***
#.....##.....##...#.. *,*
#.....#.....###...###
***,#######.....#.####....,
*,,,..#.####........,......
**,,....#.##.#......,#.#...


You could see a vampire mosquito.

Vanquished Creatures
  Sigmund (D:3)
  3 vampire mosquitoes (D:6)
  Menkaure (D:6)
  A water moccasin (D:5)
  A black bear (D:5)
  An ogre (D:4)
  2 necrophages
  An elf zombie (Ossuary)
  A scorpion (D:4)
  A wyvern skeleton (D:5)
  A water moccasin skeleton (D:4)
  A human zombie (Ossuary)
  An orc priest (D:4)
  A centaur zombie (D:5)
  4 hounds
  A jelly (D:5)
  Crazy Yiuf (D:4)
  A centaur skeleton (D:4)
  2 iguanas
  Terence (D:3)
  An orc wizard (D:4)
  A scorpion zombie (D:5)
  3 hound skeletons
  A hound zombie (D:5)
  2 mummies (Ossuary)
  A howler monkey zombie (D:5)
  Robin (D:4)
  10 gnolls
  3 adders
  A white imp (D:5)
  4 adder zombies (Ossuary)
  2 worms
  4 dart slugs
  10 orcs
  9 endoplasms
  2 giant cockroaches
  9 hobgoblins
  4 jackals (D:3)
  2 quokkas
  3 training dummies (D:4)
  3 ball pythons
  3 bats
  9 frilled lizards
  20 goblins
  13 hobgoblin zombies (Ossuary)
  A jackal zombie (Ossuary)
  5 kobolds
  9 kobold zombies (Ossuary)
  7 orc zombies (Ossuary)
  A quokka skeleton (D:4)
  3 rats (D:2)
174 creatures vanquished.

Vanquished Creatures (others)
  A fungus (D:4)
1 creature vanquished.

Grand Total: 175 creatures vanquished

Notes
Turn   | Place    | Note
-------+----------+-------------------------------------------
     0 | D:1      | Duralumin the Palentonga Summoner began the quest for the
                  | Orb.
     0 | D:1      | Reached XP level 1. HP: 13/13 MP: 3/3
   243 | D:1      | Reached skill level 1 in Fighting
   465 | D:1      | Found a faded altar of an unknown god.
   524 | D:1      | Reached skill level 1 in Maces & Flails
   524 | D:1      | Reached XP level 2. HP: 22/22 MP: 5/5
   550 | D:1      | Found Mamoig's Distillery.
   571 | D:1      | Bought a potion of lignification for 36 gold pieces
   571 | D:1      | Bought a potion of curing for 36 gold pieces
  1601 | D:2      | Reached XP level 3. HP: 27/28 MP: 4/6
  2153 | D:3      | Noticed Sigmund
  2215 | D:3      | Noticed Terence
  2244 | D:3      | Killed Terence
  2245 | D:3      | Reached XP level 4. HP: 8/36 MP: 7/7
  2717 | D:3      | Identified the +7 short sword of Haczaloj {antimagic,
                  | Int+4}
  3122 | D:3      | Killed Sigmund
  3123 | D:3      | Reached skill level 3 in Short Blades
  3123 | D:3      | Reached XP level 5. HP: 41/41 MP: 2/8
  3123 | D:3      | Reached XP level 6. HP: 49/49 MP: 3/9
  3597 | D:4      | Reached skill level 4 in Short Blades
  3655 | D:4      | Found a staircase to the Ecumenical Temple.
  3663 | Temple   | Entered the Ecumenical Temple
  3961 | D:4      | Reached skill level 5 in Short Blades
  4012 | D:4      | Found a runed translucent door.
  4082 | D:4      | Noticed Crazy Yiuf
  4419 | D:4      | Found Pasahoif's Firing Range.
  4441 | D:4      | Reached skill level 6 in Short Blades
  4441 | D:4      | Gained mutation: You curl defensively after being hit. (AC
                  | +7*) [Palentonga growth]
  4441 | D:4      | Reached XP level 7. HP: 43/54 MP: 3/10
  4772 | D:4      | Noticed Robin
  4787 | D:4      | Killed Robin
  4788 | D:4      | Reached skill level 7 in Short Blades
  5198 | D:4      | Killed Crazy Yiuf
  5273 | D:5      | Entered Level 5 of the Dungeon
  5458 | D:5      | Reached skill level 8 in Short Blades
  5477 | D:5      | Reached XP level 8. HP: 60/60 MP: 3/11
  5854 | D:5      | Identified the +6 war axe "Kuecraer" {freeze, rF+ rCorr
                  | Int-3}
  6034 | D:5      | Reached skill level 9 in Short Blades
  6421 | D:6      | Found a sand-covered staircase.
  6428 | Ossuary  | Entered an ossuary
  6730 | D:6      | Found Duemy's Assorted Antiques.
  6730 | D:6      | Noticed Menkaure
  6739 | D:6      | Killed Menkaure
  6766 | D:6      | Reached XP level 9. HP: 18/70 MP: 4/12
  6776 | D:6      | Reached skill level 5 in Axes
  6788 | D:6      | Slain by a vampire mosquito

Illustrated notes

Levels and vault maps discovered:
D:1:      dpeg_arrival_simpleton_a, layout_basic,
          shapermc_ecumenical_altar_petra, serial_shops, shop_coins
D:2:      layout_rooms
D:3:      layout_basic, serial_curves, eino_curves_03, eino_curves_04,
          eino_curves_02, bh_walls_and_bars, uniq_terence, uniq_sigmund
D:4:      layout_loops_cross, temple_green, nicolae_shop_firing_range,
          uniq_crazy_yiuf_cottage, uniq_robin
D:5:      kennysheep_spiral_hall, layout_gridville, grunt_tough_drop
D:6:      layout_cave_pools, enter_ossuary_1, hex_large,
          nicolae_take_the_stairs, uniq_maggie, uniq_menkaure
Temple:   mainiacjoe_temple_bowtie_tessellation

Skill      XL: |  1  2  3  4  5  6  7  8  9 |
---------------+----------------------------+-----
Fighting       | 1 2 4 |  4.9
Maces & Flails | 1 2 |  2.6
Short Blades   | 3 6 8 9 |  9.0
Axes           | 4 5 |  5.2
Dodging        | |  1.5
Stealth        | |  1.2
Spellcasting   | |  2.0
Summonings     | |  3.2

Action                   |  1- 3 |  4- 6 |  7- 9 || total
-------------------------+-------+-------+-------++-------
Melee: Club              |    59 |       |       ||    59
       Tailslap          |    10 |    10 |    44 ||    64
       Whip              |    91 |     1 |       ||    92
       Hand axe          |       |    19 |       ||    19
       Short sword       |       |    92 |   278 ||   370
       Punch             |       |     1 |     8 ||     9
Throw: Dart              |       |       |     3 ||     3
       Throwing net      |       |       |     2 ||     2
       Javelin           |       |       |     1 ||     1
 Cast: Summon Small Mamm |     1 |       |       ||     1
 Abil: Rolling Charge    |    36 |    16 |    26 ||    78
  Use: Scroll            |     6 |     1 |     4 ||    11
       Potion            |     3 |       |     5 ||     8
 Stab: Sleeping          |     1 |       |       ||     1
       Held in net/web   |       |       |     1 ||     1
Armor: Robe              |    35 |       |       ||    35
       Skin              |    28 |       |       ||    28
       Scale mail        |     1 |    12 |       ||    13
       Ice dragon scales |       |    27 |   114 ||   141
Dodge: Dodged            |    41 |    29 |    51 ||   121
Block: Other             |       |    12 |    48 ||    60
       Reflection        |       |       |     1 ||     1
